Map: Ley Lines

Players

kitune

  • Race: Zerg Zerg
  • Spawn Location: 7:00

A.I. 1 (Very Easy) - Winner!

  • Race: Protoss Protoss
  • Spawn Location: 1:00

VOD

Have the link to the VOD?

Description

Time

  • Played on: May 10, 2025, 5:42 a.m.
  • Length: 8:37
Show
View Real Time Build Order
Export as new Build Order

kitune Zerg 

Build Orders: Pool First 

Get SALT Encoding   

  12  0:01  Drone  
  13  0:13  Overlord  
  13  0:19  Drone  
  14  0:32  Drone x2  
  16  0:42  Spawning Pool  
  15  0:45  Drone  
  15  0:49  Drone  
  17  1:10  Hatchery  
  16  1:12  Drone  
  16  1:15  Extractor  
  16  1:29  Zergling x2  
  16  1:30  Zergling x4  
  19  1:36  Queen  
  21  1:42  Drone  
  22  1:52  Overlord  
  22  2:11  Drone  
  22  2:12  Queen  
  25  2:21  Drone  
  26  2:23  Metabolic Boost  
  26  2:29  Drone x2  
  27  2:37  Drone  
  27  2:38  Drone  
  29  2:44  Queen  
  29  2:49  Drone  
  31  2:57  Drone  
  31  2:58  Drone x2  
  34  3:06  Drone x2  
  34  3:07  Overlord  
  36  3:15  Lair  
  36  3:26  Drone  
  36  3:27  Drone x4  
  40  3:34  Overlord  
  40  3:36  Drone  
  40  3:37  Drone x2  
  43  3:42  Drone  
  43  3:45  Overlord  
  44  3:52  Drone  
  44  3:53  Drone x3  
  48  3:59  Drone x3  
  48  4:02  Extractor  
  50  4:04  Extractor  
  50  4:07  Drone  
  50  4:08  Drone x3  
  53  4:14  Extractor  
  53  4:16  Drone, Spire  
  52  4:25  Overlord  
  52  4:26  Zergling x8  
  56  4:38  Zergling x2  
  57  4:39  Zergling x6  
  57  4:41  Overlord  
  60  4:49  Overseer  
  60  4:51  Overseer  
  60  4:54  Zergling x4  
  62  5:02  Zergling x2  
  62  5:03  Zergling x6  
  66  5:09  Zergling x2  
  66  5:10  Zergling x2  
  68  5:17  Zergling x2  
  68  5:18  Zergling x6  
  72  5:21  Overlord  
  72  5:23  Overlord  
  72  5:32  Mutalisk x2  
  76  5:40  Mutalisk x3  
  82  5:49  Mutalisk x2  
  84  5:54  Mutalisk  
  88  5:59  Zergling x6  
  88  6:01  Zergling x2  
  92  6:07  Overlord x2  
  92  6:08  Overlord  
  92  6:14  Zerg Flyer Weapons Level 1  
  91  6:21  Mutalisk  
  91  6:29  Zergling x6  
  91  6:30  Zergling x8  
  98  6:37  Mutalisk x2  
  102  6:44  Mutalisk  
  104  6:48  Zergling x2  
  104  6:49  Zergling x4  
  107  6:58  Overlord  
  107  6:59  Overlord  
  107  7:00  Mutalisk x2  
  111  7:06  Zergling x2  
  111  7:07  Zergling x2  
  113  7:13  Mutalisk  
  115  7:17  Zergling x6  
  115  7:22  Overlord  
  118  7:23  Zergling x2  
  118  7:29  Mutalisk  
  119  7:30  Mutalisk  
  119  7:36  Mutalisk  
  125  7:49  Mutalisk  
  127  7:55  Zergling x18  
  127  7:57  Hatchery  
  135  8:08  Mutalisk  
  135  8:09  Mutalisk  
  139  8:14  Overlord  
  139  8:15  Overlord x3  
Show
View Real Time Build Order
Export as new Build Order

A.I. 1 (Very Easy) Protoss - Winner!

Build Orders: 1 Gate Expand, Nexus First 

Get SALT Encoding   

  12  0:00  Probe  
  13  0:13  Probe  
  14  0:19  Pylon  
  14  0:42  Gateway  
  14  1:01  Nexus  
  14  1:20  Pylon  
  14  1:21  Zealot  
  14  1:23  Assimilator  
  16  1:36  Cybernetics Core  
  16  1:38  Probe  
  17  1:50  Probe  
  18  2:00  Assimilator, Probe  
  19  2:08  Probe  
  19  2:12  Stalker  
  22  2:15  Probe  
  23  2:28  Probe  
  22  2:42  Zealot  
  22  2:43  Warp Gate, Probe  
  25  2:53  Pylon, Probe  
  26  3:00  Probe  
  26  3:04  Probe  
  25  3:06  Stalker  
  25  3:11  Probe  
  28  3:18  Probe  
  29  3:25  Probe  
  30  3:29  Assimilator  
  30  3:32  Robotics Facility  
  31  3:39  Probe  
  32  3:46  Probe  
  33  3:53  Probe  
  34  4:00  Probe  
  35  4:06  Probe  
  35  4:07  Assimilator  
  36  4:15  Probe  
  37  4:18  Observer, Probe, Zealot  
  41  4:29  Probe  
  42  4:36  Observer, Probe  
  44  4:43  Probe  
  45  4:49  Pylon  
  45  4:51  Probe  
  46  4:58  Probe  
  47  5:05  Probe  
  48  5:31  Sentry  
  42  6:29  Observer  
  42  6:44  Sentry  
  42  7:56  Sentry  
Tags
 
Add a new tag
Caveats
  • Supply blocks, unpowered buildings, or Contaminate may cause inaccurate times.
  • Supply counts are checked every 10 seconds.